 Dungeon Crawl Stone Soup version 0.25-a0-248-g18654cfe15 (webtiles) character file.

Game seed: 114542223913716052, levelgen mode: deterministic

3768 Gargoyl the Chopper (level 9, -8/75 HPs)
             Began as a Centaur Abyssal Knight on Dec 4, 2019.
             Was an Elder of Lugonu.
             Killed by divine providence
             ... invoked by an orc priest
              (10 damage)
             ... on level 7 of the Dungeon.
             The game lasted 00:09:16 (7954 turns).

Gargoyl the Chopper (Centaur Abyssal Knight)        Turns: 7954, Time: 00:09:16

Health: -8/75      AC: 15    Str: 16    XL:     9   Next: 94%
Magic:  22/22      EV:  4    Int: 11    God:    Lugonu [****..]
Gold:   233        SH:  0    Dex: 11    Spells: 8/8 levels left

rFire    . . .     SeeInvis .   a - +2 hand axe (elec)
rCold    . . .     Gourm    .   (no shield)
rNeg     . . .     Faith    .   n - +0 chain mail
rPois    .         Spirit   .   q - +0 helmet
rElec    .         Reflect  .   (no cloak)
rCorr    .         Harm     .   (no gloves)
MR       .....                  d - +0 centaur barding
Stlth    ..........             (no amulet)
HPRegen  0.22/turn              f - ring of magical power
MPRegen  0.18/turn              (no ring)

@: slowed
A: large, hooves 3, deformed body, speed 2, tough skin 3
a: Depart the Abyss, Bend Space, Banish, Corrupt, Renounce Religion


You were on level 7 of the Dungeon.
You worshipped Lugonu.
Lugonu was greatly pleased with you.
You were hungry.

You visited 1 branch of the dungeon, and saw 7 of its levels.
You visited the Abyss 1 time.

You collected 298 gold pieces.
You spent 65 gold pieces at shops.

Inventory:

Hand Weapons
 a - a +2 hand axe of electrocution (weapon)
 h - a +1 war axe of flaming
Armour
 d - a +0 centaur barding (worn)
 n - a +0 chain mail (worn)
 q - a +0 helmet (worn)
Jewellery
 f - a ring of magical power (left hand)
 u - an uncursed ring of protection from fire {unknown}
Wands
 j - a wand of iceblast (8)
 k - a wand of flame (26)
 r - a wand of polymorph (9)
Scrolls
 i - 4 scrolls of identify
 l - 2 scrolls of blinking
 o - 2 scrolls of teleportation
 p - 4 scrolls of remove curse
Potions
 b - 3 potions of lignification
 e - a potion of agility
 g - a potion of brilliance
 m - 2 potions of might
 s - a potion of heal wounds
 t - a potion of curing
Comestibles
 c - 12 rations


   Skills:
 + Level 6.1 Fighting
 + Level 6.7 Axes
 * Level 6.4 Armour
 * Level 4.0 Dodging
 * Level 6.2 Invocations
 + Level 0.1 Evocations


You had 8 spell levels left.
You didn't know any spells.
Your spell library was empty.

Dungeon Overview and Level Annotations

Branches:
Dungeon (7/15)             Temple (0/1) D:7

Altars:
Elyvilon
Gozag
Nemelex Xobeh
Okawaru
Ru
Trog
Wu Jian
Yredelemnul

Shops:
D:6 !


Innate Abilities, Weirdness & Mutations

You have hooves in place of feet.
Armour fits poorly on your strangely shaped body.
You cover ground very quickly.
You have extremely tough skin. (AC +3)


Message History

The black bear barely misses you.
You barely miss the orc priest. You hit the black bear.
Lightning courses through the black bear!
The orc warrior hits you from afar with a +0 glaive!!
The orc priest mumbles some strange prayers to Beogh against you.
Pain shoots through your body!
* * * LOW HITPOINT WARNING * * *
The orc wizard casts a spell at you.
You feel yourself slow down.
The black bear bites you but does no damage.
The black bear claws you.
* * * LOW HITPOINT WARNING * * *
The black bear claws you.
* * * LOW HITPOINT WARNING * * *
The orc priest mumbles some strange prayers to Beogh against you.
Beogh smites you!
* * * LOW HITPOINT WARNING * * *
The orc priest calls down the wrath of Beogh upon you.
Beogh smites you!
You die...

#####......# #..........#
#..........# #..........##
≈≈≈≈≈≈≈.... #>....)......
≈≈≈≈≈≈≈≈≈≈..# #...o........
≈...≈≈≈≈≈≈..# #.o.h.5......
≈.>.≈≈≈≈≈≈..###....o.......
≈...≈≈≈≈≈≈..+.'.@..........
≈≈≈≈≈≈≈≈≈...###............
≈≈≈≈≈≈≈.......#............
≈≈≈≈≈...........#..........
............#.#+#..........
....#.##....#.............
...##...##+##....#.......
...........##....#.......
..#####)†........#.......


You could see an orc warrior, a black bear, an orc priest, an orc wizard and a
crimson imp.

Vanquished Creatures
  Grinder (D:3)
  A hippogriff (D:7)
  Sigmund (D:2)
  Duvessa (D:6)
  A black bear (D:7)
  An ice beast (D:5)
  A sky beast (D:7)
  3 orc warriors
  5 ogres
  4 centaurs
  3 phantoms
  A bullfrog (D:6)
  Dowan (D:6)
  A scorpion (D:4)
  5 wights (D:6)
  4 howler monkeys
  5 hounds
  10 orc priests
  Jessica (D:2)
  An iguana (D:5)
  Natasha (thrice) (D:3)
  4 orc wizards
  4 worker ants
  A hound skeleton (D:4)
  Robin (D:3)
  13 adders
  A shadow imp (D:5)
  2 oozes
  An adder zombie (D:5)
  2 worms
  7 leopard geckos
  30 orcs
  3 giant cockroaches
  16 goblins
  7 hobgoblins
  5 jackals
  4 kobolds
  3 quokkas
  A ball python (D:6)
  10 bats
  6 frilled lizards
  2 quokka skeletons
  7 rats
184 creatures vanquished.

Notes
Turn   | Place    | Note
-------+----------+-------------------------------------------
     0 | Abyss:1  | Gargoyl the Centaur Abyssal Knight began the quest for the
                  | Orb.
     0 | Abyss:1  | Reached XP level 1. HP: 19/19 MP: 2/2
   126 | Abyss:2  | Noticed an ancient zyme
   127 | D:1      | Escaped the Abyss
   336 | D:1      | Reached * piety under Lugonu
   344 | D:1      | Reached XP level 2. HP: 26/26 MP: 3/3
   397 | D:1      | Reached skill level 1 in Dodging
  1282 | D:2      | Reached XP level 3. HP: 31/31 MP: 4/4
  1670 | D:2      | Noticed Sigmund
  1676 | D:2      | Killed Sigmund
  1676 | D:2      | Reached XP level 4. HP: 34/40 MP: 6/6
  1676 | D:2      | Reached XP level 5. HP: 40/46 MP: 7/7
  1826 | D:2      | Noticed Jessica
  1837 | D:2      | Killed Jessica
  2104 | D:3      | Reached ** piety under Lugonu
  2118 | D:3      | Found a white marble altar of Elyvilon.
  2118 | D:3      | Found a basalt altar of Yredelemnul.
  2221 | D:3      | Found an iron altar of Okawaru.
  2242 | D:3      | Noticed a centaur
  2253 | D:3      | Killed a centaur
  2253 | D:3      | Reached XP level 6. HP: 22/52 MP: 8/8
  2472 | D:3      | Noticed Robin
  2476 | D:3      | Noticed Natasha
  2488 | D:3      | Killed Natasha
  2491 | D:3      | Killed Robin
  2654 | D:3      | Found an ornate altar of the Wu Jian Council.
  2674 | D:3      | Noticed Natasha
  2678 | D:3      | Killed Natasha
  2775 | D:3      | Noticed Grinder
  2820 | D:3      | Paralysed by Grinder for 4 turns
  2825 | D:3      | Killed Grinder
  2825 | D:3      | Reached XP level 7. HP: 32/60 MP: 9/9
  3119 | D:3      | Noticed Natasha
  3121 | D:3      | Killed Natasha
  3239 | D:4      | Found a sacrificial altar of Ru.
  3446 | D:4      | Found a bloodstained altar of Trog.
  3458 | D:4      | Found an opulent altar of Gozag.
  3612 | D:4      | Reached *** piety under Lugonu
  3829 | D:4      | Reached XP level 8. HP: 66/67 MP: 11/11
  4205 | D:5      | Entered Level 5 of the Dungeon
  4257 | D:5      | Reached skill level 5 in Axes
  4280 | D:5      | Reached skill level 5 in Fighting
  4800 | D:5      | Reached skill level 5 in Invocations
  5005 | D:6      | Noticed Duvessa
  5005 | D:6      | Noticed Dowan
  5124 | D:6      | Killed Duvessa
  5328 | D:6      | Reached XP level 9. HP: 61/74 MP: 12/12
  5394 | D:6      | Killed Dowan
  5470 | D:6      | Reached skill level 5 in Armour
  5542 | D:6      | Reached **** piety under Lugonu
  6011 | D:6      | Found Lidemiryz's Distillery.
  6020 | D:6      | Bought a potion of heal wounds for 65 gold pieces
  7277 | D:6      | Found a sparkling altar of Nemelex Xobeh.
  7752 | D:7      | Found a staircase to the Ecumenical Temple.
  7952 | D:7      | HP: 2/75 [orc priest/divine providence (9)]
  7954 | D:7      | Killed from afar by an orc priest

Levels and vault maps discovered:
D:1:      ncdulo_watergridlock, layout_loops_corners,
          chequers_serial_rivers_marsh, minmay_box_of_dots
D:2:      layout_basic, uniq_jessica, uniq_sigmund
D:3:      layout_basic, okawaru_ov_weapons_minmay,
          gammafunk_temple_overflow_claw, first_ration,
          nicolae_underground_beach, uniq_natasha, uniq_grinder, uniq_robin
D:4:      layout_loops_ring, minitemple, old_standard_altar
D:5:      layout_cave_pools, moated_statue, kennysheep_flooded_box
D:6:      layout_gridville, serial_shops, shop, gup_sewer_entry_glass,
          nemelex_dance_club_becter, uniq_duvessa
D:7:      layout_basic, temple_pool_b, grunt_decor_cap

Skill      XL: |  1  2  3  4  5  6  7  8  9 |
---------------+----------------------------+-----
Dodging        | 1 2 3 4 |  4.0
Axes           | 2 3 4 5 6 |  6.7
Fighting       | 4 5 6 |  6.1
Armour         | 2 3 4 6 |  6.4
Invocations    | 3 4 5 6 |  6.2
Evocations     | |  0.1

Action                   |  1- 3 |  4- 6 |  7- 9 || total
-------------------------+-------+-------+-------++-------
Melee: Hand axe          |    82 |    88 |   363 ||   533
       Kick              |     9 |    12 |    87 ||   108
Invok: Depart the Abyss  |     1 |       |       ||     1
Evoke: Wand              |       |       |     2 ||     2
  Use: Scroll            |     7 |     2 |       ||     9
       Potion            |       |     7 |       ||     7
  Eat: Chunk             |     1 |     3 |    14 ||    18
Armor: Leather armour    |    57 |     6 |       ||    63
       Chain mail        |       |    74 |   248 ||   322
       Skin              |       |     3 |       ||     3
Dodge: Dodged            |    40 |    21 |    50 ||   111

Table legend:
 A = Non-vault XP
 B = Vault XP
 C = Vault XP percentage of total XP
 D = Non-vault monster count
 E = Vault monster count
 F = Vault count percentage of total count
                 A         B        C        D         E       F
            +---------+---------+-------+---------+---------+-------
      Total |    4365 |    1019 |  18.9 |     157 |      27 |  14.7
            +---------+---------+-------+---------+---------+-------
        D:1 |      13 |       6 |  31.6 |      10 |       3 |  23.1
        D:2 |      64 |     249 |  79.6 |      23 |       2 |   8.0
        D:3 |     263 |     356 |  57.5 |      24 |      14 |  36.8
        D:4 |     771 |       0 |   0.0 |      27 |       0 |   0.0
        D:5 |     954 |       0 |   0.0 |      28 |       0 |   0.0
        D:6 |    1423 |     408 |  22.3 |      37 |       8 |  17.8
        D:7 |     877 |       0 |   0.0 |       8 |       0 |   0.0
            +---------+---------+-------+---------+---------+-------
